 Dungeon Crawl Stone Soup version 0.28-a0-1613-gdaab1c2f9b (webtiles) character file.

Game seed: 17872114387715904919

54 murtidash the Gusty (level 3, -7/19 HPs)
             Began as a Tengu Air Elementalist on Jan 21, 2022.
             Killed by nerve-wracking pain
             ... invoked by Jessica
              (9 damage)
             ... on level 2 of the Dungeon.
             The game lasted 00:02:20 (2062 turns).

murtidash the Gusty (Tengu Air Elementalist)        Turns: 2062, Time: 00:02:20

Health: -7/19      AC:  2    Str:  8    XL:     3   Next: 91%
Magic:  1/8        EV: 12    Int: 17    God:
Gold:   69         SH:  0    Dex: 14    Spells: 1/7 levels left

rFire   . . .      SeeInvis .   g - +1 dagger (flame)
rCold   . . .      Faith    .   (no shield)
rNeg    . . .      Spirit   .   a - +0 robe
rPois   .          Reflect  .   (helmet restricted)
rElec   .          Harm     .   (no cloak)
rCorr   .          Rampage  .   (no gloves)
Will    .....                   (boots unavailable)
Stlth   ++........              (no amulet)
HPRegen 0.06/turn               (no ring)
MPRegen 0.11/turn               (no ring)

@: no status effects
A: beak, talons 3
a: no special abilities


You were on level 2 of the Dungeon.
You visited 1 branch of the dungeon, and saw 2 of its levels.

You collected 69 gold pieces.

Inventory:

Hand Weapons
 b - a +0 whip
   (You took it off a kobold on level 1 of the Dungeon)
 g - a +1 dagger of flaming (weapon)
   (You took it off a kobold on level 1 of the Dungeon)
Armour
 a - a +0 robe (worn)
Scrolls
 c - a scroll of immolation {unknown}
 d - 2 scrolls of identify {unknown}
 f - a scroll of magic mapping {unknown}
 i - a scroll of holy word {unknown}
Potions
 e - a potion of lignification {unknown}
 h - a potion of flight {unknown}


   Skills:
 - Level 2.1 Dodging
 - Level 2.0 Stealth
 + Level 2.6 Spellcasting
 + Level 3.0 Conjurations
 + Level 4.8 Air Magic


You had one spell level left.
You knew the following spells:

 Your Spells              Type           Power      Damage    Failure   Level
a - Shock                 Conj/Air       60%        1d6       3%          1
b - Static Discharge      Conj/Air       15%        N/A       5%          2
s - Swiftness             Air            18%        N/A       8%          3

Your spell library contained the following spells:

 Spells                   Type           Power      Damage    Failure   Level
 Airstrike                Air            9%         N/A       24%         4
 Cause Fear               Hex            1%         N/A       87%         4
 Dragon Form              Tmut           1%         N/A       100%        7
 Dragon's Call            Summ           1%         N/A       100%        9


Dungeon Overview and Level Annotations

Branches:
Dungeon (2/15)

Altars:

Annotations:
D:2 Jessica


Innate Abilities, Weirdness & Mutations

You have a beak for a mouth.
You have claws for feet.


Message History

You see here a +0 robe.
An adder comes into view.
Aim: an adder (asleep, 100% to hit)
You miscast Shock.
You are very lightly contaminated with residual magic.
Nothing appears to happen.
You now have 6/7 mp.
Aim: an adder (asleep, 100% to hit)
The zap hits the adder.
You now have 5/7 mp.
Aim: an adder (lightly wounded, 53% to hit)
The zap hits the adder.
You now have 4/7 mp.
Aim: an adder (moderately wounded, 53% to hit)
The zap hits the adder.
You now have 3/7 mp.
Aim: an adder (almost dead, 53% to hit)
The zap hits the adder.
You kill the adder!
You now have 2/7 mp.
You can't see any susceptible monsters within range! (Use Z to cast anyway.)
You can't see any susceptible monsters within range! (Use Z to cast anyway.)
Your magical contamination has completely faded away.
Found a stone staircase leading down.
MP restored: 7 You see here an adder corpse.
There is a stone staircase leading down here.
You see here an adder corpse.
There is an open door here.
You open the door.
There is an open door here.
You open the door.
There is an open door here.
A goblin and an adder come into view.
Found a stone staircase leading down.
The goblin shouts!
The adder hisses angrily.
The adder moves out of view.
Aim: a goblin, wielding a +0 club (64% to hit)
The zap hits the goblin.
You kill the goblin!
Jessica the Apprentice Sorceress comes into view.
She is wielding a +0 club.
You now have 6/7 mp.
Aim: Jessica, wielding a +0 club and wearing a +0 robe (wandering, hasn't noticed you, 71% to hit)
The zap hits Jessica.
Jessica shouts!
Jessica gestures wildly while chanting.
Jessica seems to speed up.
You now have 5/7 mp.
Aim: Jessica, wielding a +0 club and wearing a +0 robe (lightly wounded, fast, 71% to hit)
The zap hits Jessica.
Jessica drinks a potion.
Jessica is healed!
You now have 4/7 mp.
Aim: Jessica, wielding a +0 club and wearing a +0 robe (fast, 71% to hit)
You miscast Shock.
You are very lightly contaminated with residual magic.
Nothing appears to happen.
Jessica mumbles some strange words.
Jessica blinks!
You now have 3/7 mp.
Aim: an adder (53% to hit)
The zap hits the adder.
You now have 2/7 mp.
Aim: an adder (lightly wounded, 53% to hit)
The zap hits the adder.
The adder misses you.
You now have 1/7 mp.
Aim: an adder (lightly wounded, 53% to hit)
The zap hits the adder.
The adder misses you.
You now have 0/7 mp.
You don't have enough magic to cast this spell.
You don't have enough magic to cast this spell.
You don't have enough magic to cast this spell.
You don't have enough magic to cast this spell.
You barely miss the adder. You claw the adder. Your peck misses the adder.
The adder bites you. The adder closely misses you.
You take 2 damage, and have 17/19 hp.
You hit the adder. You burn the adder.
You kill the adder!
Jessica points at you and mumbles some strange words.
Pain shoots through your body!
Your Conjurations skill increases to level 3!
You take 3 damage, and have 14/19 hp.
Your magical contamination has completely faded away.
You barely miss Jessica. You claw Jessica, but do no damage.
You peck Jessica, but do no damage. Jessica hits you with a +0 club. x2
You take 7 damage, and have 7/19 hp.
MASSIVE DAMAGE!!
You hit Jessica but do no damage. Your kick misses Jessica.
Your peck misses Jessica. Jessica hits you but does no damage.
The zap hits Jessica.
The zap misses Jessica.
Jessica hits you with a +0 club.
* * * LOW HITPOINT WARNING * * *
Jessica gestures wildly while chanting.
Jessica blinks!
You take 6 damage, and have 1/19 hp.
MASSIVE DAMAGE!!
You now have 0/8 mp.
Jessica says, "I'm really upset."
There is an open door here.
Which direction?
You close the door.
Jessica opens the door.
There is an open door here.
Jessica points at you and mumbles some strange words.
Pain shoots through your body!
You die...

#....# #....# #########
#....# ##########........
#....# #..........#######
#....# #.............#
#....# #.............#
##....###......#####..####
#.....@.'@.....#!)(#......
#.....###......#!)?#......
#.....# #......#$!?#..####
#.....# #......#####..# #
#†##### #.............####
#. #..........)...... .>
............+..... ...
##############..... ..@.
#.....


You could see Jessica (fast).

Vanquished Creatures
  2 adders (D:2)
  A worm (D:2)
  4 bats
  2 endoplasms (D:1)
  A giant cockroach (D:1)
  3 goblins
  4 hobgoblins
  3 jackals (D:1)
  A quokka (D:1)
  4 ball pythons (D:1)
  2 frilled lizards (D:1)
  4 kobolds
  A rat (D:1)
32 creatures vanquished.

Notes
Turn   | Place    | Note
-------+----------+-------------------------------------------
     0 | D:1      | murtidash the Tengu Air Elementalist began the quest for
                  | the Orb.
     0 | D:1      | Reached XP level 1. HP: 10/10 MP: 4/4
   353 | D:1      | Found a faded altar of an unknown god.
   447 | D:1      | Reached XP level 2. HP: 15/15 MP: 4/6
   450 | D:1      | Learned a level 2 spell: Static Discharge
   477 | D:1      | Reached skill level 2 in Conjurations
   898 | D:1      | Reached XP level 3. HP: 19/19 MP: 5/7
   902 | D:1      | Learned a level 3 spell: Swiftness
  2042 | D:2      | Noticed Jessica
  2051 | D:2      | Reached skill level 3 in Conjurations
  2054 | D:2      | HP: 1/19 [Jessica (6)]
  2062 | D:2      | Killed from afar by Jessica

Illustrated notes

Levels and vault maps discovered:
D:1:      minmay_arrival_stone_box, layout_loops_ring,
          ebering_ecumenical_altar_box, amcnicky_mini_pool_small,
          serial_bayou_pond_e
D:2:      layout_basic, amcnicky_mini_rare_corridor_liquid,
          minmay_misc_feat_alley, glass_columns_b, grunt_decor_one_mirror,
          due_unseen_surprise, uniq_jessica

Skill      XL: |  1  2  3 |
---------------+----------+-----
Conjurations   | 2 3 |  3.0
Dodging        | |  2.1
Stealth        | |  2.0
Spellcasting   | |  2.6
Air Magic      | |  4.8

Action                   || total
-------------------------++-------
Melee: Dagger            ||     6
       Kick              ||     2
       Peck              ||     2
 Cast: Shock             ||    82
Armor: Robe              ||     2
Dodge: Dodged            ||     4

Table legend: (Time is in decaauts)
 A = Elapsed time spent in this place.
 B = Non-inter-level travel time spent in this place.
 C = Inter-level travel time spent in this place.
 D = Time resting spent in this place.
 E = Time spent auto-exploring this place.
 F = Levels seen in this place.
 G = Mean time per level.
                   A        B        C        D        E       F      G
               +--------+--------+--------+--------+--------+-----+--------+
         Total |   2061 |   2037 |     24 |      6 |   1788 |   2 | 1030.5 |
       Dungeon |   2061 |   2037 |     24 |      6 |   1788 |   2 | 1030.5 |
               +--------+--------+--------+--------+--------+-----+--------+

Top non-repeatable levels by time:
     D:1: 1321 daAuts
     D:2: 740 daAuts

Table legend:
 A = Kills in this place as a percentage of kills in entire the game.
 B = Kills by you in this place as a percentage of kills by you in the entire game.
 C = Kills by friends in this place as a percentage of kills by friends in the entire game.
 D = Other kills in this place as a percentage of other kills in the entire game.
 E = Experience gained in this place as a percentage of experience gained in the entire game.
 F = Experience gained in this place divided by the number of levels of this place that you have seen.
                   A       B       C       D       E      F
               +-------+-------+-------+-------+-------+----------------------
         Total | 100.0 | 100.0 |   N/A |   N/A | 100.0 |  39.0
       Dungeon | 100.0 | 100.0 |   N/A |   N/A | 100.0 |  39.0
               +-------+-------+-------+-------+-------+----------------------
